 Dungeon Crawl Stone Soup version 0.30.1-11-g7821555f0a (webtiles) character file.

Game seed: 5035969950680462219

134 comborobin the Cutter (level 5, -1/32 HPs)
             Began as a Kobold Delver on Nov 18, 2023.
             Was an Initiate of Trog.
             Killed from afar by an orc wizard (6 damage)
             ... with a magic dart
             ... on level 7 of the Dungeon.
             The game lasted 00:01:13 (193 turns).

comborobin the Cutter (Kobold Delver)                Turns: 193, Time: 00:01:14

Health: -1/32      AC:  3    Str: 10    XL:     5   Next: 40%
Magic:  5/5        EV: 14    Int: 11    God:    Trog [......]
Gold:   8          SH:  0    Dex: 18    Spells: 4/4 levels left

rFire   . . .        i - +0 whip (venom)
rCold   . . .        (no shield)
rNeg    . . .        b - +0 leather armour
rPois   .            (no helmet)
rElec   .            (no cloak)
rCorr   .            (no gloves)
SInv    .            (no boots)
Will    .....        (no amulet)
Stlth   ++++         (no ring)
HPRegen 0.25/turn    (no ring)
MPRegen 0.09/turn

%: no passive effects
@: no status effects
A: small, no large weapons, nightstalker 3
a: Renounce Religion


You were on level 7 of the Dungeon.
You worshipped Trog.
Trog was noncommittal.
You visited 1 branch of the dungeon, and saw 3 of its levels.

You collected 8 gold pieces.

Inventory:

Hand Weapons
 a - a +0 short sword
 i - a +0 whip of venom (weapon)
Armour
 b - a +0 leather armour (worn)
Wands
 g - a wand of digging (3)
Scrolls
 c - a scroll of fog
 d - a scroll of magic mapping
 e - a scroll of fear
 f - a scroll of identify {unknown}
 h - 2 scrolls of brand weapon {unknown}


   Skills:
 - Level 3.2 Fighting
 - Level 6.9 Short Blades
 - Level 2.4 Dodging
 - Level 6.6 Stealth
 + Level 0.0 Unarmed Combat


You had 4 spell levels left.
You didn't know any spells.
Your spell library was empty.

Dungeon Overview and Level Annotations

Branches:
Dungeon (7/15)
 Temple: D:4-7

Altars:
Trog

Shops:
D:6 **


Innate Abilities, Weirdness & Mutations

You are small and have problems with some larger weapons.
You are completely attuned to the shadows.


Message History

Something hits you but does no damage. Something hits you.
The orc wizard barely misses you.
The orc wizard attacks as you move away!
The orc wizard hits you but does no damage.
The orc wizard attacks as you move away!
The orc wizard barely misses you. Something hits you.
The orc wizard attacks as you move away!
The orc wizard misses you.
The orc wizard points at you and mumbles some strange words.
You are confused.
You hear a shout!
You hear some strange, mumbled words.
Something tries to affect you, but you resist.
You bump into the rock wall.
An orc comes into view. It is wielding a +0 whip.
You bump into the rock wall.
The orc wizard hits you with a +0 dagger.
You closely miss the orc wizard.
The orc wizard casts a spell.
The orc wizard flickers and vanishes!
You barely miss something. Something hits you.
You bump into the rock wall.
You feel less confused.
An orc comes into view. It is wielding a +0 hand axe.
You hear some strange, mumbled words.
A puff of flame appears from out of thin air!
The puff of flame hits you.
A magic dart appears from out of thin air!
The magic dart hits something.
You aren't carrying any potions.
Unknown command.
You closely miss something.
You hear some strange, mumbled words.
A puff of flame appears from out of thin air!
The puff of flame hits you!
* * * LOW HITPOINT WARNING * * *
You hear some strange, mumbled words.
A magic dart appears from out of thin air!
The magic dart hits you.
You die...

###### #....# #....#
#....# #....###
#......# ####
######{o....####.....
#<..@{{o.......>.....
########....#........
######........
#..o$..# #.....?#
####......#
...)[[....#
..........#
.o.F......#


You could see 2 orcs.

Vanquished Creatures
  2 bullfrogs
  2 orcs (D:7)
4 creatures vanquished.

Notes
Turn   | Place    | Note
-------+----------+-------------------------------------------
     0 | D:5      | comborobin the Kobold Delver began the quest for the Orb.
     0 | D:5      | Reached XP level 1. HP: 14/14 MP: 1/1
     9 | D:5      | Found a bloodstained altar of Trog.
    15 | D:5      | Became a worshipper of Trog the Wrathful
    28 | D:6      | Noticed a bullfrog
    31 | D:6      | Found Cotezxio's Specific Store.
    31 | D:6      | Found Suyph's General Store.
    44 | D:6      | Killed a bullfrog
    45 | D:6      | Reached skill level 5 in Short Blades
    45 | D:6      | Reached XP level 2. HP: 17/19 MP: 2/2
    45 | D:6      | Reached XP level 3. HP: 21/23 MP: 3/3
    45 | D:6      | Reached XP level 4. HP: 26/28 MP: 4/4
    95 | D:7      | Noticed a bullfrog
   116 | D:7      | Killed a bullfrog
   117 | D:7      | Reached XP level 5. HP: 9/32 MP: 5/5
   193 | D:7      | Killed from afar by an orc wizard

Illustrated notes

Levels and vault maps discovered:
D:5:      layout_rooms, mainiacjoe_overflow_brackets,
          nicolae_overflow_hidden_temple, kennysheep_generic_room_9,
          uniq_blork_the_orc, uniq_edmund
D:6:      layout_rooms, mainiacjoe_overflow_boulevard, kennysheep_path_1,
          minmay_misc_feat_chi, nicolae_specific_store, minmay_liquid_box,
          kennysheep_pointless_box, uniq_eustachio
D:7:      layout_basic

Skill      XL: |  1  2  3  4 |
---------------+-------------+-----
Short Blades   | 5 6 |  6.9
Fighting       | |  3.2
Dodging        | |  2.4
Stealth        | |  6.6

Action                     |  1- 3 |  4- 6 || total
---------------------------+-------+-------++-------
  Melee: Short sword       |     7 |     2 ||     9
         Punch             |     1 |       ||     1
         Whip              |       |     8 ||     8
    Use: Potion            |     1 |       ||     1
         Scroll            |       |     2 ||     2
   Stab: Sleeping          |     1 |     2 ||     3
 Armour: Leather armour    |     1 |     3 ||     4
  Dodge: Dodged            |     4 |     7 ||    11
